 Dungeon Crawl Stone Soup version 0.23-a0-650-ga4d50d4d25 (webtiles) character file.

273 RKaid the Gusty (level 6, 0/32 HPs)
             Began as a Tengu Air Elementalist on Jan 5, 2019.
             Killed by their own static electricity (3 damage)
             ... on level 3 of the Dungeon.
             The game lasted 00:07:33 (3085 turns).

RKaid the Gusty (Tengu Air Elementalist)            Turns: 3085, Time: 00:07:34

Health: 0/32       AC:  6    Str:  9    XL:     6   Next: 24%
Magic:  2/11       EV: 13    Int: 17    God:
Gold:   85         SH:  0    Dex: 14    Spells: 2/10 levels left

rFire    . . .     SeeInvis .   a - +0 quarterstaff
rCold    . . .     Gourm    .   (shield currently unavailable)
rNeg     . . .     Faith    .   o - +0 leather armour
rPois    .         Spirit   .   (helmet restricted)
rElec    .         Reflect  .   (no cloak)
rCorr    .         Harm     .   e - +2 pair of gloves
MR       .....                  (boots unavailable)
Stlth    ++........             (no amulet)
HPRegen  0.10/turn              (no ring)
MPRegen  0.12/turn              (no ring)

@: no status effects
A: beak, talons 3, able to fly 1
a: Fly


You were on level 3 of the Dungeon.
You were hungry.

You visited 1 branch of the dungeon, and saw 4 of its levels.
You also visited: Sewer.

You collected 85 gold pieces.

Inventory:

Hand Weapons
 a - a +0 quarterstaff (weapon)
   (You found it in a sewer)
Armour
 e - a +2 pair of gloves (worn)
   (You found it on level 1 of the Dungeon)
 o - a +0 leather armour (worn)
   (You took it off an orc on level 3 of the Dungeon)
Scrolls
 b - a scroll of identify {unknown}
 c - a scroll of enchant armour {unknown}
 h - a scroll of teleportation {unknown}
 i - a scroll of amnesia {unknown}
 j - a scroll of blinking {unknown}
 k - 2 scrolls of remove curse {unknown}
 m - a scroll of random uselessness {unknown}
Potions
 g - a potion of agility
 l - a potion of resistance {unknown}
Comestibles
 d - 4 chunks of flesh
 f - 2 rations


   Skills:
 + Level 3.3 Dodging
 - Level 2.0 Stealth
 + Level 2.9 Spellcasting
 * Level 4.8 Conjurations
 * Level 6.0 Air Magic


You had 2 spell levels left.
You knew the following spells:

 Your Spells              Type           Power        Failure   Level  Hunger
a - Shock                 Conj/Air       ###.         2%          1    None
b - Static Discharge      Conj/Air       ###.....     8%          3    ###....
c - Airstrike             Air            ###.......   21%         4    ####...

Your spell library contained the following spells:

 Spells                   Type           Power        Failure   Level  Hunger
 Swiftness                Chrm/Air       ##......     11%         2    ##.....
 Lightning Bolt           Conj/Air       ###.......   58%         5    ######.


Dungeon Overview and Level Annotations

Branches:
Dungeon (4/15)
 Temple: D:4-7

Altars:


Innate Abilities, Weirdness & Mutations

You have a beak for a mouth.
You have claws for feet.
You can fly.


Message History

Confirm with . or Enter, or press ? or * to list all spells.
Aiming: Shock (safe; 3% risk of failure)
Press: ? - help, Shift-Dir - straight line, f/p - worker ant
Aim: a worker ant (severely wounded)
The zap hits the worker ant.
You kill the worker ant!
You have reached level 6!
Your experience leads to an increase in your attributes!
Increase (S)trength, (I)ntelligence, or (D)exterity?
You feel clever.
Unknown command.
Memorise Static Discharge, consuming 3 spell levels and leaving 6?
You start memorising the spell.
You continue memorising. x3
You finish memorising.
Spell assigned to 'b'.
This spell is slightly dangerous to cast.
Memorise Airstrike, consuming 4 spell levels and leaving 2?
You start memorising the spell.
You continue memorising. x4
You finish memorising.
Spell assigned to 'c'.
Okay, then.
You start resting.
All of the chunks of flesh in your inventory have rotted away.
You butcher the worker ant corpse.
d - 3 chunks of flesh A rat comes into view.
Casting: Shock (safe; 2% risk of failure)
Confirm with . or Enter, or press ? or * to list all spells.
Aiming: Shock (safe; 2% risk of failure)
Press: ? - help, Shift-Dir - straight line, f - rat
Aim: a rat (resting)
The zap hits the rat.
You kill the rat!
You start resting.
You see here a rat corpse.
You butcher the rat corpse.
d - 4 chunks of flesh (gained 1)
You see here a rat skeleton.
Okay, then.
You open the door.
There is an open door here.
You now have 85 gold pieces (gained 12).
You open the door.
A ball python comes into view.
Casting: Shock (safe; 2% risk of failure)
Confirm with . or Enter, or press ? or * to list all spells.
Aiming: Shock (safe; 2% risk of failure)
Press: ? - help, Shift-Dir - straight line, f - ball python
Aim: a ball python (resting)
The zap hits the ball python.
You kill the ball python!
Casting: Shock (safe; 2% risk of failure)
Confirm with . or Enter, or press ? or * to list all spells.
You can't see any susceptible monsters within range! (Use Z to cast anyway.)
There is an open door here.
You start resting.
There is an open door here.
Found a stone staircase leading up.
There is a stone staircase leading up here.
You climb upwards.
The orc shouts!
A bat, an orc priest and an orc wizard come into view.
The orc wizard shouts!
The orc priest shouts!
A quokka comes into view.
The orc misses you.
The orc wizard mumbles some strange words.
The orc wizard seems to speed up.
There is a stone staircase leading down here.
The bat barely misses you.
The orc wizard points at you and mumbles some strange words.
The puff of flame hits you!
The orc priest invokes the aid of Beogh against you.
Beogh smites you! The orc closely misses you.
The orc wizard hits you but does no damage.
You climb downwards.
There is a stone staircase leading up here.
Casting: Shock (safe; 2% risk of failure)
Confirm with . or Enter, or press ? or * to list all spells.
The orc priest is struck by an arc of lightning.
The orc wizard is struck by an arc of lightning.
The lightning grounds out.
The orc wizard is struck by an arc of lightning.
The orc priest is struck by an arc of lightning.
The orc wizard is struck by an arc of lightning.
The lightning grounds out.
You are feeling hungry.
The orc priest looks encouraged for a moment.
The orc wizard points at you and mumbles some strange words.
The magic dart hits you!
Casting: Static Discharge (safe; 9% risk of failure)
Confirm with . or Enter, or press ? or * to list all spells.
The orc wizard is struck by an arc of lightning.
You kill the orc wizard!
Your Air Magic skill increases to level 6!
You are struck by an arc of lightning.
The lightning grounds out.
The orc priest hits you with a +0 war axe!
* * * LOW HITPOINT WARNING * * *
Casting: Static Discharge (safe; 8% risk of failure)
Confirm with . or Enter, or press ? or * to list all spells.
The orc priest is struck by an arc of lightning.
You are struck by an arc of lightning.
You die...

##### # #...# ###
##### #...###..
...###...#...#
######.#.#........
#@)......'...'....
##o###.#.....#....
...# #...#...#....
#.#..#
#...#####.... ..
.........# #####
#. .######...# # #
.. ##..# .. ...#


You could see an orc priest.

Vanquished Creatures
  2 bullfrogs (Sewer)
  An orc wizard (D:3)
  A worker ant (D:3)
  2 adders
  An ooze (D:1)
  A dart slug (D:1)
  5 leopard geckos
  2 orcs (D:3)
  9 giant cockroaches
  9 goblins
  4 hobgoblins (D:1)
  A jackal (D:3)
  4 kobolds (D:1)
  A quokka (D:4)
  3 ball pythons
  5 bats
  11 frilled lizards
  3 rats
65 creatures vanquished.

Notes
Turn   | Place    | Note
-------+----------+-------------------------------------------
     0 | D:1      | RKaid the Tengu Air Elementalist began the quest for the
                  | Orb.
     0 | D:1      | Reached XP level 1. HP: 10/10 MP: 4/4
   167 | D:1      | Reached skill level 2 in Conjurations
   167 | D:1      | Reached XP level 2. HP: 15/15 MP: 3/6
   893 | D:1      | Reached XP level 3. HP: 19/19 MP: 4/7
  1825 | D:2      | You fall through a shaft for 2 floors!
  1917 | D:3      | Found a glowing drain.
  1926 | D:3      | Reached skill level 3 in Conjurations
  1947 | Sewer    | Entered a sewer
  2089 | Sewer    | Reached XP level 4. HP: 24/24 MP: 2/8
  2425 | Sewer    | Noticed a bullfrog
  2425 | Sewer    | Noticed a bullfrog
  2439 | Sewer    | Killed a bullfrog
  2439 | Sewer    | Reached skill level 3 in Dodging
  2439 | Sewer    | Reached skill level 5 in Air Magic
  2439 | Sewer    | Gained mutation: You can fly. [Tengu growth]
  2439 | Sewer    | Reached XP level 5. HP: 15/28 MP: 0/9
  2447 | Sewer    | Reached skill level 4 in Conjurations
  2993 | D:3      | Reached XP level 6. HP: 32/32 MP: 8/11
  2998 | D:3      | Learned a level 3 spell: Static Discharge
  3003 | D:3      | Learned a level 4 spell: Airstrike
  3084 | D:3      | Reached skill level 6 in Air Magic
  3084 | D:3      | HP: 3/32 [orc priest/+0 war axe (8)]
  3085 | D:3      | Killed from afar by themself

Vault maps used:
D:1:      dpeg_arrival_yet_another_circle, serial_forest,
          infiniplex_forest_clump_curved, infiniplex_forest_zigzag_1,
          infiniplex_forest_clump_large, infiniplex_forest_clump_diagonal,
          infiniplex_forest_lined_ring, infiniplex_forest_clump_small,
          infiniplex_forest_clump_curved
D:2:      first_ration, kennysheep_generic_room_13
D:3:      minmay_razor_zed, gup_sewer_entry_glass, ebering_ghost_rock_garden,
          chequers_ecumenical_altar_grove
D:4:      uniq_sigmund, uniq_menkaure
Sewer:    sewer_frog_island_01

Skill      XL: |  1  2  3  4  5  6 |
---------------+-------------------+-----
Conjurations   | 2 3 4 |  4.8
Dodging        | 3 |  3.3
Air Magic      | 5 6 |  6.0
Stealth        | |  2.0
Spellcasting   | |  2.9

Action                   |  1- 3 |  4- 6 || total
-------------------------+-------+-------++-------
Melee: Unarmed           |       |     4 ||     4
       Kick              |       |     1 ||     1
 Cast: Shock             |    87 |    46 ||   133
       Static Discharge  |       |     2 ||     2
 Abil: Fly               |       |     1 ||     1
  Use: Scroll            |     2 |       ||     2
       Potion            |       |     3 ||     3
  Eat: Chunk             |     5 |     3 ||     8
Armor: Robe              |     5 |     4 ||     9
Dodge: Dodged            |    11 |    30 ||    41

Table legend:
 A = Non-vault XP
 B = Vault XP
 C = Vault XP percentage of total XP
 D = Non-vault monster count
 E = Vault monster count
 F = Vault count percentage of total count
                 A         B        C        D         E       F
            +---------+---------+-------+---------+---------+-------
      Total |     148 |     243 |  62.1 |      39 |      26 |  40.0
            +---------+---------+-------+---------+---------+-------
        D:1 |      59 |       0 |   0.0 |      26 |       0 |   0.0
        D:2 |       5 |       0 |   0.0 |       3 |       0 |   0.0
        D:3 |      82 |      28 |  25.5 |       9 |       8 |  47.1
        D:4 |       2 |       0 |   0.0 |       1 |       0 |   0.0
      Sewer |       0 |     215 | 100.0 |       0 |      18 | 100.0
            +---------+---------+-------+---------+---------+-------

Table legend:
 A = Turns spent in this place as a percentage of turns spent in the entire game.
 B = Non-inter-level travel turns spent in this place as a percentage of non-inter-level travel turns spent in the entire game.
 C = Inter-level travel turns spent in this place as a percentage of turns spent in this place.
 D = Turns resting spent in this place as a percentage of non-inter-level travel turns spent in this place.
 E = Turns spent auto-exploring this place as a percentage of non-inter-level travel turns spent in this place.
 F = Non-inter-level travel turns spent in this place divided by the number of levels of this place that you've seen.
                   A       B       C       D       E      F
               +-------+-------+-------+-------+-------+----------------------
         Total | 100.0 | 100.0 |   3.0 |  41.8 |  39.9 | 598.4
       Dungeon |  81.1 |  80.5 |   3.7 |  39.8 |  43.0 | 602.5
         Sewer |  18.9 |  19.5 |   0.0 |  50.3 |  27.0 | 582.0
               +-------+-------+-------+-------+-------+----------------------

Table legend:
 A = Kills in this place as a percentage of kills in entire the game.
 B = Kills by you in this place as a percentage of kills by you in the entire game.
 C = Kills by friends in this place as a percentage of kills by friends in the entire game.
 D = Other kills in this place as a percentage of other kills in the entire game.
 E = Experience gained in this place as a percentage of experience gained in the entire game.
 F = Experience gained in this place divided by the number of levels of this place that you have seen.
                   A       B       C       D       E      F
               +-------+-------+-------+-------+-------+----------------------
         Total | 100.0 | 100.0 |   N/A |   N/A | 100.0 |  78.2
       Dungeon |  72.3 |  72.3 |   N/A |   N/A |  45.0 |  44.0
         Sewer |  27.7 |  27.7 |   N/A |   N/A |  55.0 | 215.0
               +-------+-------+-------+-------+-------+----------------------
